 Dungeon Crawl Stone Soup version 0.28.0-45-g0d030f2227 (console) character file.

Game seed: 2554615924051300181

28 Faeu the Covered (level 3, 0/33 HPs)
             Began as a Minotaur Fighter on Apr 19, 2022.
             Slain by Natasha (7 damage)
             ... on level 2 of the Dungeon.
             The game lasted 00:02:43 (896 turns).

Faeu the Covered (Minotaur Fighter)                  Turns: 896, Time: 00:02:44

Health: 0/33       AC:  7    Str: 22    XL:     3   Next: 0%
Magic:  2/2        EV:  9    Int:  5    God:
Gold:   33         SH:  4    Dex:  9    Spells: 2/2 levels left

rFire   . . .      SeeInvis .   a - +0 long sword {long}
rCold   . . .      Faith    .   c - +0 buckler
rNeg    . . .      Spirit   .   b - +0 scale mail
rPois   .          Reflect  .   (helmet restricted)
rElec   .          Harm     .   (no cloak)
rCorr   .          Rampage  .   (no gloves)
Will    .....                   (no boots)
Stlth   ..........              (no amulet)
HPRegen 0.11/turn               (no ring)
MPRegen 0.08/turn               (no ring)

@: no status effects
A: horns 2, retaliatory headbutt
a: no special abilities


You were on level 2 of the Dungeon.
You visited 1 branch of the dungeon, and saw 2 of its levels.

You collected 33 gold pieces.


Innate Abilities, Weirdness & Mutations

You have a pair of horns on your head.
You reflexively headbutt those who attack you in melee.


   Skills:
 + Level 4.0 Fighting
 + Level 3.0 Long Blades
 + Level 4.0 Armour
 + Level 4.0 Shields


You had 2 spell levels left.
You didn't know any spells.
Your spell library contained the following spells:

 Spells                   Type           Power      Damage    Failure   Level
 Frozen Ramparts          Ice            0%         1d2       99%         3
 Ice Form                 Ice/Tmut       0%         N/A       100%        4
 Summon Ice Beast         Ice/Summ       0%         N/A       100%        4

Inventory:

Hand Weapons
 a - a +0 long sword (weapon) {long}
 g - a +0 vampiric spear {polearm}
   (You found it on level 1 of the Dungeon)
Armour
 b - a +0 scale mail (worn)
 c - a +0 buckler (worn)
Scrolls
 f - 2 scrolls of identify {unknown}
Potions
 d - a potion of might
 e - a potion of degeneration {unknown}
 h - a potion of curing {unknown}
 i - a potion of haste {unknown}

Dungeon Overview and Level Annotations

Branches:
Dungeon (2/15)

Altars:

Annotations:
D:2 Natasha

#### # ..# #. #.#
#.###.###########
.......@h.g55†.##
.#...#.....###.)#
#...#.###.# ##........
#..<#...#.# #........
#.#.#.#.###.#.#####.......
#.........................
#.###.#.#####.#####5......
#.#.. ..# ....... . #.##
## .....## ## ###


You could see Natasha, 2 white imps and a hobgoblin.


Message History

a +0 short sword {short}; a kobold corpse Done exploring.
Done exploring.
(D) Dungeon
Where to? (? - help)
There is an open door here.
There is a stone staircase leading down here.
You climb downwards.
There is a stone staircase leading up here.
A ball python comes into view.
The ball python hisses angrily.
You closely miss the ball python. You block the ball python's attack.
The ball python grabs you. The ball python constricts you.
You closely miss the ball python. The ball python barely misses you.
The ball python constricts you.
The ball python bites you but does no damage.
The ball python constricts you. 😕 HP[-1]
You take 1 damage, and now have 26/27 hp.
You slash the ball python!
You kill the ball python! 😎 HP[+1] Unknown command.
Unknown command.
You now have 33 gold pieces (gained 8).
A goblin comes into view. It is wielding a +0 club.
The goblin shouts!
You hear a shout!
You hear an angry hiss.
A goblin is nearby!
A hobgoblin comes into view.
The hobgoblin shouts!
An adder comes into view.
Natasha, Servant of Life and Death comes into view.
You closely miss the goblin.
Natasha hisses angrily.
The goblin hits you but does no damage. x2
You hit the goblin.
You kill the goblin!
Natasha casts a spell.
The white imp shouts, "Taste defeat, thou artless beetle-headed cretin!"
Things that are here:
a +0 club {mace}; a goblin corpse The adder bites you.
You are poisoned.
The adder poisons you! 😕 HP[-1]
You take 1 damage, and now have 26/27 hp.
You feel sick. 😕 HP[-2]
You take 2 damage, and now have 24/27 hp.
You feel sick. 😕 HP[-1]
You take 1 damage, and now have 23/27 hp.
You closely miss the adder.
You feel sick. The adder bites you but does no damage.
The adder bites you. 😮 HP[-5]
You take 5 damage, and now have 18/27 hp.
You closely miss the adder. You headbutt the adder!
You feel sick. The adder barely misses you.
Natasha casts a spell. 😮 HP[-1]
You take 1 damage, and now have 17/27 hp.
You barely miss the adder. You headbutt the adder.
You kill the adder!
You feel sick. Natasha barely misses you.
Your Fighting skill increases to level 4!
Your Long Blades skill increases to level 3!
Your Shields skill increases to level 4!
You have reached level 3!
Your experience leads to an increase in your attributes!
Increase (S)trength, (I)ntelligence, or (D)exterity?
You feel stronger. x2 😮 HP[+2] MP[+1]
You now have 33 max hp (+6).
You regained 2 hp, and now have 19/33 hp.
Your mp is fully restored (2).
You barely miss Natasha.
You feel sick.
You are no longer poisoned.
Natasha claws you but does no damage.
You hit Natasha but do no damage.
The white imp disappears in a puff of smoke!
Natasha claws you but does no damage.
You slash Natasha! Your headbutt misses Natasha. You block Natasha's attack.
You closely miss Natasha.
Natasha stares at you and mumbles some strange words.
The magic dart hits you.
* * * LOW HITPOINT WARNING * * *
Natasha casts a spell. 😨 HP[-6]
You take 6 damage, and now have 13/33 hp.
You barely miss Natasha. Natasha barely misses you.
You hit Natasha but do no damage.
Natasha mumbles some strange words.
You completely miss Natasha. Natasha claws you but does no damage.
The crimson imp blinks!
Natasha casts a spell at you. The magic dart hits you!
* * * LOW HITPOINT WARNING * * *
😱 HP[-7]
You take 7 damage, and now have 6/33 hp.
MASSIVE DAMAGE!! (PAUSE) 😱 HP[+1] Natasha claws you!
You die...

Skill      XL: |  1  2 |
---------------+-------+-----
Armour         | 4 |  4.0
Fighting       | 4 |  4.0
Long Blades    | 3 |  3.0
Shields        | 4 |  4.0

Action                   || total
-------------------------++-------
Melee: Long sword        ||    31
       Headbutt          ||     5
Armor: Scale mail        ||    10
Dodge: Dodged            ||     9
Block: Buckler           ||     5

Levels and vault maps discovered:
D:1:      dpeg_arrival_leaves_temple_mockup, layout_basic,
          dreamdust_ecumenical_altar_hidden_monk_grotto
D:2:      layout_basic, serial_park_tiny_1, minmay_misc_feat_alley,
          palyth_stone_intersect, uniq_natasha

Notes
Turn   | Place    | Note
-------+----------+-------------------------------------------
     0 | D:1      | Faeu the Minotaur Fighter began the quest for the Orb.
     0 | D:1      | Reached XP level 1. HP: 19/19 MP: 0/0
     0 | D:1      | magus.rc [v1.9.6]
    75 | D:1      | You pick up a book of Rime and begin reading...
    75 | D:1      | You add the spells Frozen Ramparts, Ice Form and Summon Ice
                  | Beast to your library.
    90 | D:1      | magus.rc [v1.9.6]
    90 | D:1      | magus.rc [v1.9.6]
   137 | D:1      | Found a faded altar of an unknown god.
   355 | D:1      | Reached XP level 2. HP: 22/27 MP: 1/1
   748 | D:1      | Reached skill level 4 in Armour
   875 | D:2      | Noticed Natasha
   885 | D:2      | Reached skill level 4 in Fighting
   885 | D:2      | Reached skill level 3 in Long Blades
   885 | D:2      | Reached skill level 4 in Shields
   885 | D:2      | Reached XP level 3. HP: 19/33 MP: 2/2
   891 | D:2      | HP: 6/33 [Natasha/magic dart (7)]
   896 | D:2      | Slain by Natasha

Vanquished Creatures
  An adder (D:2)
  A dart slug (D:1)
  2 ball pythons
  A giant cockroach (D:1)
  4 goblins
  2 hobgoblins (D:1)
  2 kobolds (D:1)
  A frilled lizard (D:1)
  2 rats (D:1)
16 creatures vanquished.

Table legend:
 A = Non-vault XP
 B = Vault XP
 C = Vault XP percentage of total XP
 D = Non-vault monster count
 E = Vault monster count
 F = Vault count percentage of total count
                 A         B        C        D         E       F
            +---------+---------+-------+---------+---------+-------
      Total |      41 |       0 |   0.0 |      16 |       0 |   0.0
            +---------+---------+-------+---------+---------+-------
        D:1 |      25 |       0 |   0.0 |      13 |       0 |   0.0
        D:2 |      16 |       0 |   0.0 |       3 |       0 |   0.0
            +---------+---------+-------+---------+---------+-------

Illustrated notes

Table legend:
 A = Kills in this place as a percentage of kills in entire the game.
 B = Kills by you in this place as a percentage of kills by you in the entire game.
 C = Kills by friends in this place as a percentage of kills by friends in the entire game.
 D = Other kills in this place as a percentage of other kills in the entire game.
 E = Experience gained in this place as a percentage of experience gained in the entire game.
 F = Experience gained in this place divided by the number of levels of this place that you have seen.
                   A       B       C       D       E      F
               +-------+-------+-------+-------+-------+----------------------
         Total | 100.0 | 100.0 |   N/A |   N/A | 100.0 |  20.5
       Dungeon | 100.0 | 100.0 |   N/A |   N/A | 100.0 |  20.5
               +-------+-------+-------+-------+-------+----------------------

Table legend: (Time is in decaauts)
 A = Elapsed time spent in this place.
 B = Non-inter-level travel time spent in this place.
 C = Inter-level travel time spent in this place.
 D = Time resting spent in this place.
 E = Time spent auto-exploring this place.
 F = Levels seen in this place.
 G = Mean time per level.
                   A        B        C        D        E       F      G
               +--------+--------+--------+--------+--------+-----+--------+
         Total |    905 |    880 |     25 |      0 |    726 |   2 |  452.5 |
       Dungeon |    905 |    880 |     25 |      0 |    726 |   2 |  452.5 |
               +--------+--------+--------+--------+--------+-----+--------+

Top non-repeatable levels by time:
     D:1: 857 daAuts
     D:2: 48 daAuts
